 Dungeon Crawl Stone Soup version 0.19.1-1-g22dce08 (console) character file.

66 Lahna the Cudgeler (level 3, -1/31 HPs)
             Began as a Minotaur Fighter on Jan 13, 2017.
             Killed by nerve-wracking pain
             ... invoked by Grinder
              (5 damage)
             ... on level 3 of the Dungeon.
             The game lasted 00:02:50 (1770 turns).

Lahna the Cudgeler (Minotaur Fighter)               Turns: 1770, Time: 00:02:51

Health: -1/31      AC:  6    Str: 20    XL:     3   Next: 96%
Magic:  2/2        EV: 10    Int:  5    God:
Gold:   97         SH:  9    Dex: 10    Spells: 0 memorised, 2 levels left

rFire  . . .     SeeInvis .     a - +0 flail
rCold  . . .     Gourm    .     b - +0 scale mail
rNeg   . . .     Faith    .     c - +0 shield
rPois  .         Spirit   .     (helmet restricted)
rElec  .         Reflect  .     (no cloak)
rCorr  .         Harm     .     (no gloves)
MR     .....                    (no boots)
Stlth  ..........               (no amulet)
                                (no ring)
                                n - +3 ring of evasion

@: no status effects
A: retaliatory headbutt, horns 2
a: no special abilities


You were on level 3 of the Dungeon.
You were not hungry.

You visited 1 branch of the dungeon, and saw 3 of its levels.

You collected 97 gold pieces.

Inventory:

Hand Weapons
 a - a +0 flail (weapon)
Armour
 b - a +0 scale mail (worn)
 c - a +0 shield (worn)
Jewellery
 n - a +3 ring of evasion (left hand)
Scrolls
 e - a scroll of enchant weapon {unknown}
 g - a scroll of fear {unknown}
 i - a scroll of remove curse {unknown}
 k - a scroll of fog {unknown}
 m - 3 scrolls of identify {unknown}
 p - 2 scrolls of random uselessness {unknown}
 r - a scroll of magic mapping {unknown}
 s - 2 scrolls of blinking {unknown}
Potions
 d - a potion of might
 j - 2 potions of mutation {unknown}
 l - 3 potions of degeneration {unknown}
 o - 2 potions of heal wounds {unknown}
Comestibles
 f - 3 bread rations
 h - 2 meat rations
 q - 2 chunks of flesh


   Skills:
 - Level 3.6 Fighting
 + Level 5.2 Maces & Flails
 - Level 3.6 Armour
 - Level 3.6 Shields


You had 2 spell levels left.
You didn't know any spells.

Dungeon Overview and Level Annotations

Branches:
Dungeon (3/15)

Altars:

Annotations:
D:3 Grinder


Innate Abilities, Weirdness & Mutations

You reflexively headbutt those who attack you in melee.
You have a pair of horns on your head.


Message History

* * * LOW HITPOINT WARNING * * *
You barely miss Grinder.
Grinder is moderately wounded.
You block Grinder's attack.
You closely miss Grinder.
Grinder is moderately wounded.
Grinder barely misses you.
You thump Grinder!
Grinder is heavily wounded.
Grinder says, "Just stop there for a second..."
Grinder closely misses you. x2; You furiously retaliate!
You headbutt Grinder! You thump Grinder!
Grinder is almost dead.
Grinder hits you.
* * * LOW HITPOINT WARNING * * *
You barely miss Grinder.
Grinder is almost dead.
Grinder gestures at you. Pain shoots through your body!
You die...

...............#
###....>.......#
####
#............#
###..?.
####.#########
....... #.#
...8... #.#
###..8.8.. #.#
#...8._.8. #.#
######.#..8.8..
#.#
#......@5..8...
#.#
#.####.........
##.###.#
#.....####
#......# #######
########


You could see Grinder.

Vanquished Creatures
  3 adders (D:2)
  4 leopard geckos
  2 ball pythons (D:2)
  A giant cockroach (D:1)
  2 hobgoblins
  4 jackals (D:2)
  3 kobolds
  6 bats
  A frilled lizard (D:1)
  7 goblins
  2 rats
35 creatures vanquished.

Vanquished Creatures (others)
  4 toadstools (D:1)
4 creatures vanquished.

Grand Total: 39 creatures vanquished

Notes
Turn   | Place    | Note
-------+----------+-------------------------------------------
     0 | D:1      | Lahna the Minotaur Fighter began the quest for the Orb.
     0 | D:1      | Reached XP level 1. HP: 19/19 MP: 0/0
   111 | D:1      | Reached skill level 3 in Maces & Flails
   304 | D:1      | Reached XP level 2. HP: 25/26 MP: 1/1
   789 | D:2      | Reached skill level 4 in Maces & Flails
   795 | D:2      | Reached XP level 3. HP: 24/31 MP: 2/2
   906 | D:2      | Reached skill level 5 in Maces & Flails
  1748 | D:3      | Found a faded altar of an unknown god.
  1749 | D:3      | Noticed Grinder
  1751 | D:3      | Paralysed by Grinder for 7 turns
  1770 | D:3      | Killed from afar by Grinder

Skill      XL: |  1  2  3 |
---------------+----------+-----
Maces & Flails | 3 4 5 |  5.2
Fighting       | |  3.6
Armour         | |  3.6
Shields        | |  3.6

Action                   || total
-------------------------++-------
Melee: Flail             ||   106
       Headbutt          ||    12
  Eat: Chunk             ||     3
Armor: Scale mail        ||    48
Dodge: Dodged            ||    39
Block: Shield            ||    57
